 Dungeon Crawl Stone Soup version 0.22.1-1-ga44c0e56f4 (webtiles) character file.

209 Flubber the Stinger (level 5, -1/35 HPs)
             Began as a Merfolk Venom Mage on Oct 25, 2018.
             Slain by an ogre
             ... wielding a +0 giant club
              (27 damage)
             ... on level 4 of the Dungeon.
             The game lasted 00:12:53 (3738 turns).

Flubber the Stinger (Merfolk Venom Mage)            Turns: 3738, Time: 00:12:53

Health: -1/35      AC:  3    Str:  6 (8)  XL:     5   Next: 87%
Magic:  3/9        EV: 13    Int: 13 (15) God:
Gold:   168        SH:  0    Dex: 13 (15) Spells: 0/10 levels left

rFire    . . .     SeeInvis .   f - +0 club
rCold    . . .     Gourm    .   (no shield)
rNeg     . . .     Faith    .   a - +0 robe
rPois    .         Spirit   .   (no helmet)
rElec    .         Reflect  .   m - +0 cloak
rCorr    .         Harm     .   (no gloves)
MR       .....                  (no boots)
Stlth    ++........             (no amulet)
HPRegen  0.11/turn              (no ring)
MPRegen  0.11/turn              (no ring)

@: very slightly contaminated
A: change form in water, swift swim, stealthy swim
a: no special abilities


You were on level 4 of the Dungeon.
You were not hungry.

You visited 1 branch of the dungeon, and saw 4 of its levels.
You also visited: Ossuary.

You collected 168 gold pieces.

Inventory:

Hand Weapons
 f - a +0 club (weapon)
Missiles
 h - 12 tomahawks (quivered)
 o - 3 javelins
 p - 43 arrows
Armour
 a - a +0 robe (worn)
 m - a +0 cloak (worn)
Jewellery
 k - a cursed ring of teleportation
Scrolls
 e - 2 scrolls of remove curse
 r - 2 scrolls of identify
Potions
 b - a potion of brilliance
 j - a potion of flight {unknown}
 l - 2 potions of invisibility
 n - a potion of haste {unknown}
Comestibles
 c - 10 rations
 d - 3 chunks of flesh


   Skills:
 + Level 0.6 Armour
 - Level 3.5 Dodging
 - Level 2.1 Stealth
 - Level 3.2 Spellcasting
 + Level 1.9 Conjurations
 * Level 1.8 Air Magic
 + Level 4.1 Poison Magic


You couldn't memorise any spells.
You knew the following spells:

 Your Spells              Type           Power        Failure   Level  Hunger
a - Sting                 Conj/Pois      ##..         6%          1    #......
b - Poisonous Vapours     Pois/Air       #.....       10%         2    ##.....
c - Mephitic Cloud        Conj/Pois/Air  #.......     22%         3    ###....
d - Olgreb's Toxic Radia  Pois           ##......     38%         4    #####..

Your spell library contained the following spells:

 Spells                   Type           Power        Failure   Level  Hunger
 Venom Bolt               Conj/Pois      ##........   87%         5    ######.


Dungeon Overview and Level Annotations

Branches:
Dungeon (4/15)
 Temple: D:4-7

Altars:


Message History

Confirm with . or Enter, or press ? or * to list all spells.
Aiming: Poisonous Vapours (safe; 10% risk of failure)
Press: ? - help, Dir - move target cursor, f/p - ogre
Aim: an ogre, wielding a giant club (severely wounded)
You miscast Poisonous Vapours.
You are very lightly contaminated with residual magic.
You feel mildly nauseous. The ogre hits you with a giant club!
Casting: Poisonous Vapours (safe; 10% risk of failure)
Confirm with . or Enter, or press ? or * to list all spells.
Aiming: Sting (safe; 6% risk of failure)
Press: ? - help, Shift-Dir - straight line, f/p - ogre
Aim: an ogre, wielding a giant club (severely wounded)
The sting hits the ogre.
The ogre is poisoned.
The ogre is severely wounded.
The ogre closely misses you.
You hit the ogre but do no damage.
The ogre is severely wounded.
The ogre hits you with a giant club!!
Ouch! That really hurt!
You die...

*** **#.# #.(### *,*### *
####* #.# #....# *,*
###..####.# #.##.# *,*
##....#.##.# #.##.# *,*
#..(..#.##.# #.##.# *,*
*,#...#.##.######.##.####.#
*,*#...#..................#
#,8#.###8#.#<..#.###.######
#.##.# ###...@O......#
#....# ###...#######
#######.# ##### ........#
#######.# ........#
#########


You could see an ogre.

Vanquished Creatures
  A worker ant (D:4)
  A mummy (Ossuary)
  4 gnolls (D:2)
  4 adders
  An ooze (D:2)
  A worm (D:2)
  3 dart slugs
  4 leopard geckos
  An orc (D:3)
  6 giant cockroaches
  11 hobgoblins
  5 jackals
  3 quokkas
  6 bats
  6 goblins
  A jackal skeleton (D:4)
  11 kobolds
  12 rats
81 creatures vanquished.

Notes
Turn   | Place    | Note
-------+----------+-------------------------------------------
     0 | D:1      | Flubber the Merfolk Venom Mage began the quest for the Orb.
     0 | D:1      | Reached XP level 1. HP: 13/13 MP: 3/3
   184 | D:1      | Reached skill level 1 in Conjurations
   184 | D:1      | Reached XP level 2. HP: 19/19 MP: 1/5
   192 | D:1      | Learned a level 2 spell: Poisonous Vapours
   618 | D:1      | Reached XP level 3. HP: 22/24 MP: 0/6
   624 | D:1      | Learned a level 3 spell: Mephitic Cloud
  1502 | D:2      | Reached XP level 4. HP: 25/30 MP: 3/8
  1688 | D:2      | Reached skill level 1 in Air Magic
  2262 | D:2      | Reached XP level 5. HP: 30/35 MP: 4/9
  2764 | D:2      | Learned a level 4 spell: Olgreb's Toxic Radiance
  2946 | D:3      | Reached skill level 4 in Poison Magic
  3336 | D:4      | Found a sand-covered staircase.
  3340 | Ossuary  | Entered an ossuary
  3468 | D:4      | HP: 1/35 [quokka (4)]
  3687 | D:4      | Noticed an ogre
  3738 | D:4      | Slain by an ogre

Skill      XL: |  1  2  3  4  5 |
---------------+----------------+-----
Conjurations   | 1 |  1.9
Dodging        | 3 |  3.5
Spellcasting   | 3 |  3.2
Air Magic      | 1 |  1.8
Poison Magic   | 4 |  4.1
Armour         | |  0.6
Stealth        | |  2.1

Action                   |  1- 3 |  4- 6 || total
-------------------------+-------+-------++-------
Melee: Club              |    33 |    77 ||   110
Throw: Tomahawk          |       |    11 ||    11
 Cast: Sting             |    61 |    97 ||   158
       Poisonous Vapours |       |     4 ||     4
  Use: Scroll            |     3 |     3 ||     6
       Potion            |     1 |     4 ||     5
 Stab: Sleeping          |       |     1 ||     1
  Eat: Chunk             |     3 |     7 ||    10
Armor: Robe              |    10 |    32 ||    42
Dodge: Dodged            |    45 |    83 ||   128
